 Dungeon Crawl Stone Soup version 0.31-a0-1019-g3dd9dd1025 (webtiles) character file.

Game seed: 13298311421465112421

261 M4edhros the Insei (level 6, -2/38 HPs)
             Began as an Octopode Artificer on Nov 5, 2023.
             Slain by Pikel
             ... wielding a +0 whip of flaming
              (3 damage)
             ... on level 4 of the Dungeon on Nov 17, 2023.
             The game lasted 00:05:57 (755 turns).

M4edhros the Insei (Octopode Artificer)              Turns: 755, Time: 00:05:58

Health: -2/38      AC:  1    Str: 11    XL:     6   Next: 18%
Magic:  6/6        EV: 13    Int: 14    God:
Gold:   85         SH:  0    Dex: 14    Spells: 5/5 levels left

rFire   . . .        i - +2 scythe (venom)
rCold   . . .        (shield currently unavailable)
rNeg    . . .        (helmet currently unavailable)
rPois   .            (no amulet)
rElec   .            (no ring)
rCorr   .            (no ring)
SInv    .            (no ring)
Will    .....        (no ring)
Stlth   +++          (no ring)
HPRegen 0.26/turn    (no ring)
MPRegen 0.10/turn    (no ring)
                     (no ring)

%: no passive effects
@: beast-form
A: beast (slay +0), almost no armour, amphibious, 8 rings, camouflage 1,
gelatinous body 1, (nimble swimmer 1), tentacles
a: Begin Untransformation


You were on level 4 of the Dungeon.
You were a hulking beast.
You visited 1 branch of the dungeon, and saw 4 of its levels.

You collected 85 gold pieces.

Inventory:

Hand Weapons
 i - a +2 scythe of venom (weapon)
Missiles
 f - 6 poisoned darts (quivered)
Magical Staves
 j - a staff of death
Talismans
 k - a beast talisman (active)
Wands
 b - a wand of flame (11)
 c - a wand of charming (14)
 d - a wand of iceblast (1)
Scrolls
 a - a scroll of identify {unknown}
 e - 2 scrolls of vulnerability {unknown}
 h - a scroll of revelation {unknown}
 l - a scroll of immolation {unknown}
 o - a scroll of butterflies {unknown}
Potions
 g - a potion of degeneration {unknown}
 m - a potion of enlightenment {unknown}


   Skills:
 * Level 1.0 Fighting
 * Level 2.4 Dodging
 + Level 1.4 Stealth
 * Level 5.8 Unarmed Combat
 - Level 3.2 Evocations


You had 5 spell levels left.
You didn't know any spells.
Your spell library was empty.

Dungeon Overview and Level Annotations

Branches:
Dungeon (4/15)
 Temple: D:4-7

Altars:

Annotations:
D:4 Pikel


Innate Abilities, Weirdness & Mutations

You are a hulking beast.
Your limbs bulge with bestial killing power. (Slay +0)
You cannot wear most types of armour.
You are amphibious.
You can wear up to eight rings at the same time.
Your skin changes colour to match your surroundings (Stealth+).
Your rubbery body absorbs attacks. (AC +1, EV +1)
((You are camouflaged when in or above water. (Stealth+)))
You have tentacles for arms and can constrict up to eight enemies at once.


Message History

You reach to attack!
You hit Pikel.
Pikel is poisoned.
Pikel is lightly wounded.
You constrict the lemure, but do no damage.
The lemure closely misses you.
Unknown command.
Unknown command.
Reach: i) +2 scythe (venom)
Press: ? - help, Dir - move target, f/p - Pikel
Aim: Pikel, wielding a +0 whip of flaming and wearing a +0 robe (lightly wounded, very poisoned, about 57% to evade your +2 scythe of venom)
The lemure is in the way.
You hit the lemure.
The lemure looks as sick as possible!
The lemure is almost dead.
You constrict the lemure.
You kill the lemure!
That felt strangely unrewarding.
Pikel hits you with a +0 whip of flaming.
Pikel burns you.
Unknown command.
Unknown command.
Pikel attacks as he pursues you! Pikel closely misses you.
Okay, then.
Okay, then.
You miss Pikel. You grab Pikel.
Pikel is lightly wounded.
You constrict Pikel, but do no damage.
Pikel hits you with a +0 whip of flaming.
Pikel burns you.
Unknown command.
Unknown command.
You feel better.
You constrict Pikel, but do no damage.
Pikel hits you with a +0 whip of flaming!
Pikel burns you.
You hit Pikel.
Pikel is lightly wounded.
You constrict Pikel.
Pikel hits you with a +0 whip of flaming!
* * * LOW HITPOINT WARNING * * *
Pikel burns you.
You die...
Pikel says, "See you in Hell!"

#.... .... #....
#..######### +....
#..#........ #....
#..#........
.##....##..#........
........)..#........
......)....#........
.##....##.5#.<......
########'#h.......
#...K<#####+#
#.....# #.....#
#.....# #.....#
#.....# ......#
..######


You could see Pikel (poisoned).

Vanquished Creatures
  Sigmund (D:2)
  A lemure (D:4)
  An orc priest (D:3)
  An orc wizard (D:3)
  2 adders (D:2)
  8 orcs
  A ball python (D:1)
  3 endoplasms
  A giant cockroach (D:3)
  2 goblins
  3 hobgoblins (D:2)
  4 kobolds
  A quokka (D:2)
  A bat (D:2)
  2 frilled lizards (D:2)
  3 rats (D:2)
35 creatures vanquished.

Vanquished Creatures (collateral kills)
  A lemure (D:4)
1 creature vanquished.

Vanquished Creatures (others)
  An ogre (D:4)
1 creature vanquished.

Grand Total: 37 creatures vanquished

Notes
Turn   | Place    | Note
-------+----------+-------------------------------------------
     0 | D:1      | M4edhros the Octopode Artificer began the quest for the
                  | Orb.
     0 | D:1      | Reached XP level 1. HP: 13/13 MP: 1/1
   159 | D:2      | Reached skill level 1 in Unarmed Combat
   217 | D:2      | Reached skill level 2 in Unarmed Combat
   217 | D:2      | Reached XP level 2. HP: 13/18 MP: 2/2
   280 | D:2      | Noticed Sigmund
   283 | D:2      | Killed Sigmund
   284 | D:2      | Reached skill level 5 in Unarmed Combat
   284 | D:2      | Reached XP level 3. HP: 23/23 MP: 3/3
   284 | D:2      | Reached XP level 4. HP: 28/28 MP: 4/4
   284 | D:2      | Reached XP level 5. HP: 33/33 MP: 5/5
   474 | D:3      | Reached XP level 6. HP: 30/38 MP: 6/6
   527 | D:3      | Upgraded the game from 0.31-a0-988-g08d55dae12 to
                  | 0.31-a0-1019-g3dd9dd1025
   735 | D:4      | Noticed Pikel
   755 | D:4      | HP: 1/38 [Pikel/+0 whip of flaming (12)]
   755 | D:4      | Slain by Pikel

Illustrated notes

Levels and vault maps discovered:
D:1:      lemuel_arrival_river_bridge, layout_loops_ring,
          hellmonk_ecumenical_altar_leap_of_faith, minmay_circled_x
D:2:      layout_rooms, minmay_door_square, minmay_tree_intersection,
          nicolae_eternal_life, kennysheep_generic_room_5, uniq_sigmund
D:3:      layout_basic, minmay_joined_circles, uniq_ijyb, uniq_robin
D:4:      layout_gridville, lemuel_temple_firewalk_a,
          hellmonk_ghost_happy_afterlife, dreamdust_mushroom_princess,
          uniq_pikel, uniq_blork_the_orc

Skill      XL: |  1  2 |
---------------+-------+-----
Unarmed Combat | 2 5 |  5.8
Fighting       | |  1.0
Dodging        | |  2.4
Stealth        | |  1.4
Evocations     | |  3.2

Action                     |  1- 3 |  4- 6 || total
---------------------------+-------+-------++-------
  Melee: Unarmed           |    20 |     3 ||    23
         Constrict         |     4 |     9 ||    13
         Tentacles         |     2 |     6 ||     8
         Halberd           |       |    30 ||    30
  Throw: Dart              |     2 |       ||     2
  Evoke: Wand              |     2 |     7 ||     9
    Use: Potion            |       |     2 ||     2
   Stab: Sleeping          |     2 |     4 ||     6
 Armour: Skin              |     4 |    13 ||    17
  Dodge: Dodged            |    11 |    26 ||    37
   Form: Beast             |       |     1 ||     1

Table legend: (Time is in decaauts)
 A = Elapsed time spent in this place.
 B = Non-inter-level travel time spent in this place.
 C = Inter-level travel time spent in this place.
 D = Time resting spent in this place.
 E = Time spent auto-exploring this place.
 F = Levels seen in this place.
 G = Mean time per level.
                   A        B        C        D        E       F      G
               +--------+--------+--------+--------+--------+-----+--------+
         Total |    769 |    669 |    100 |      0 |      1 |   4 |  192.2 |
       Dungeon |    769 |    669 |    100 |      0 |      1 |   4 |  192.2 |
               +--------+--------+--------+--------+--------+-----+--------+

Top non-repeatable levels by time:
     D:2: 503 daAuts
     D:1: 136 daAuts
     D:3: 100 daAuts
     D:4: 28 daAuts
